| TOP OF THE 1ST |
|
Burlington Royals batting - Pitching for Oakland (APP) Athletics : RHP Andy Teague
|
|
Pitching: RHP Andy Teague
|
|
|
Batting: RHB Shura Mogilny
|
0-0: Ball 1-0: Swinging Strike 1-1: Swinging Strike 1-2: Strikes out looking
|
|
Batting: RHB David Rubio
|
0-0: Ball 1-0: Ball 2-0: Swinging Strike 2-1: Called Strike 2-2: Strikes out swinging
|
|
Batting: RHB Hugo Chavez
|
0-0: Reached on error, E6 (Groundball, 6D, EV 103.1 MPH)
|
|
Batting: SHB Alex Cavazos
|
0-0: Called Strike 0-1: Ball 1-1: Ground out U3 (Groundball, 34, EV 90.0 MPH)
|
| Top of the 1st over - 0 runs, 0 hits, 1 error, 1 left on base; Burlington 0 - Oakland (APP) 0 |
| BOTTOM OF THE 1ST |
|
Oakland (APP) Athletics batting - Pitching for Burlington Royals : RHP Ryan Robbins
|
|
Pitching: RHP Ryan Robbins
|
|
|
Batting: RHB Scott Lister
|
0-0: Foul Ball, location: 2F 0-1: Ball 1-1: Ball 2-1: Called Strike 2-2: Foul Ball, location: 2F 2-2: Ground out 4-3 (Groundball, 4, EV 86.2 MPH)
|
|
Batting: RHB Gabe Secundino
|
0-0: Called Strike 0-1: Ball 1-1: Ball 2-1: Foul Ball, location: 2F 2-2: Strikes out swinging
|
|
Batting: LHB Alejandro Muniz
|
0-0: Foul Ball, location: 2F 0-1: Ground out 3-1 (Groundball, 34S, EV 83.1 MPH)
|
| Bottom of the 1st over - 0 runs, 0 hits, 0 errors, 0 left on base; Burlington 0 - Oakland (APP) 0 |
| TOP OF THE 2ND |
|
Burlington Royals batting - Pitching for Oakland (APP) Athletics : RHP Andy Teague
|
|
Batting: RHB Tim Williams
|
0-0: Ball 1-0: Ball 2-0: Called Strike 2-1: Ball 3-1: Swinging Strike 3-2: Foul Ball, location: 2F 3-2: Strikes out swinging
|
|
Batting: LHB Jayden Pelayo
|
0-0: Ball 1-0: Fly out, F9 (Flyball, 89M, EV 85.0 MPH)
|
|
Batting: RHB Masakuni Takeuchi
|
0-0: SOLO HOME RUN (Flyball, 9LD, EV 94.4 MPH), Distance : 346 ft
|
|
Batting: RHB Juan Nieves
|
0-0: Swinging Strike 0-1: Called Strike 0-2: Strikes out swinging
|
| Top of the 2nd over - 1 run, 1 hit, 0 errors, 0 left on base; Burlington 1 - Oakland (APP) 0 |
| BOTTOM OF THE 2ND |
|
Oakland (APP) Athletics batting - Pitching for Burlington Royals : RHP Ryan Robbins
|
|
Batting: LHB Felipe Gomez
|
0-0: Ball 1-0: Called Strike 1-1: Called Strike 1-2: Foul Ball, location: 2F 1-2: Ball 2-2: Ball 3-2: Base on Balls
|
|
Batting: RHB Rafael Alarcon
|
0-0: Fielders Choice at 2nd, 6-4 (Groundball, 6, EV 87.5 MPH)
|
|
Batting: RHB Rusty Prodoehl
|
0-0: Called Strike 0-1: Ball 1-1: Ball 2-1: Ball 3-1: Foul Ball, location: 2F 3-2: Base on Balls Rafael Alarcon to second
|
|
Batting: RHB Ricardo Claros
|
0-0: Hit by Pitch Rafael Alarcon to third Rusty Prodoehl to second
|
|
Batting: RHB Phoctor Dill
|
0-0: Called Strike 0-1: DOUBLE (Line Drive, 8LXD, EV 97.5 MPH) Rafael Alarcon scores Rusty Prodoehl scores Ricardo Claros to third
|
|
Batting: LHB Bill Helmer
|
0-0: SINGLE (Groundball, 6MS, EV 65.6 MPH) (infield hit) Ricardo Claros scores Phoctor Dill to third
|
|
Batting: RHB Scott Lister
|
0-0: Ball 1-0: Swinging Strike 1-1: Ball 2-1: 3-RUN HOME RUN (Line Drive, 89XD, EV 101.9 MPH), Distance : 406 ft
|
|
Batting: RHB Gabe Secundino
|
0-0: Fly out, F8 (Line Drive, 89D, EV 102.5 MPH)
|
|
Batting: LHB Alejandro Muniz
|
0-0: Swinging Strike 0-1: Ball 1-1: Ball 2-1: Ball 3-1: Called Strike 3-2: SOLO HOME RUN (Flyball, 89XD, EV 106.2 MPH), Distance : 429 ft
|
|
Pitching: LHP Brett Reed
|
|
|
Batting: LHB Felipe Gomez
|
0-0: Ball 1-0: Swinging Strike 1-1: Swinging Strike 1-2: Foul Ball, location: 2F 1-2: Ball 2-2: Strikes out swinging
|
| Bottom of the 2nd over - 7 runs, 4 hits, 0 errors, 0 left on base; Burlington 1 - Oakland (APP) 7 |
| TOP OF THE 3RD |
|
Burlington Royals batting - Pitching for Oakland (APP) Athletics : RHP Andy Teague
|
|
Batting: RHB Jason Conner
|
0-0: Ball 1-0: Ball 2-0: SINGLE (Groundball, 6D, EV 98.8 MPH)
|
|
Batting: RHB Shura Mogilny
|
0-0: Called Strike 0-1: Foul Ball, location: 2F 0-2: Ball 1-2: Ball 2-2: Ball 3-2: Foul Ball, location: 2F 3-2: Base on Balls Jason Conner to second
|
|
Batting: RHB David Rubio
|
0-0: Called Strike 0-1: Ball 1-1: Called Strike 1-2: Foul Ball, location: 2F 1-2: Strikes out looking
|
|
Batting: RHB Hugo Chavez
|
0-0: Hit by Pitch Jason Conner to third Shura Mogilny to second
|
|
Batting: SHB Alex Cavazos
|
0-0: Called Strike 0-1: Ball 1-1: Ball 2-1: Foul Ball, location: 2F 2-2: Ball 3-2: Foul Ball, location: 2F 3-2: Foul Ball, location: 2F 3-2: Base on Balls Jason Conner scores Shura Mogilny to third Hugo Chavez to second
|
|
Batting: RHB Tim Williams
|
0-0: Called Strike 0-1: Ball 1-1: Ball 2-1: Ball 3-1: Swinging Strike 3-2: Base on Balls Shura Mogilny scores Hugo Chavez to third Alex Cavazos to second
|
|
Batting: LHB Jayden Pelayo
|
0-0: Called Strike 0-1: Ball 1-1: Foul Ball, location: 2F 1-2: Ball 2-2: Ball 3-2: Foul Ball, location: 2F 3-2: Strikes out looking
|
|
Batting: RHB Masakuni Takeuchi
|
0-0: Called Strike 0-1: DOUBLE (Line Drive, 9LS, EV 108.8 MPH) Hugo Chavez scores Alex Cavazos scores Tim Williams to third
|
|
Pitching: RHP Kian-tat Guao
|
|
|
Batting: RHB Juan Nieves
|
0-0: Ball 1-0: Ball Passed Ball! Tim Williams scores Masakuni Takeuchi to third 2-0: Foul Ball, location: 2F 2-1: Swinging Strike 2-2: Hit by Pitch
|
|
Pinch Runner at 1st Angel Melendez:
|
|
|
Batting: RHB Jason Conner
|
0-0: Swinging Strike 0-1: Ball 1-1: Called Strike 1-2: Ball Pickoff Throw by Catcher to First - Error! E2 Masakuni Takeuchi scores Angel Melendez to second 2-2: Strikes out swinging
|
| Top of the 3rd over - 6 runs, 2 hits, 1 error, 1 left on base; Burlington 7 - Oakland (APP) 7 |
| BOTTOM OF THE 3RD |
|
Oakland (APP) Athletics batting - Pitching for Burlington Royals : LHP Brett Reed
|
|
Now at 2B: Angel Melendez
|
|
|
Now at 3B: Jason Conner
|
|
|
Batting: RHB Rafael Alarcon
|
0-0: Ball 1-0: Called Strike 1-1: Swinging Strike 1-2: Strikes out swinging
|
|
Batting: RHB Rusty Prodoehl
|
0-0: Swinging Strike 0-1: Ball 1-1: Called Strike 1-2: Strikes out swinging
|
|
Batting: RHB Ricardo Claros
|
0-0: SOLO HOME RUN (Flyball, 8LXD, EV 111.2 MPH), Distance : 439 ft
|
|
Batting: RHB Phoctor Dill
|
0-0: Foul Ball, location: 2F 0-1: Ball 1-1: Called Strike 1-2: SINGLE (Flyball, 8LS, EV 93.1 MPH)
|
|
Batting: LHB Bill Helmer
|
0-0: Ball 1-0: Ball 2-0: Ball 3-0: Base on Balls Phoctor Dill to second
|
|
Batting: RHB Scott Lister
|
0-0: Called Strike 0-1: Ball 1-1: Ball 2-1: Foul Ball, location: 2F 2-2: Ball 3-2: Base on Balls Phoctor Dill to third Bill Helmer to second
|
|
Batting: RHB Gabe Secundino
|
0-0: Foul Ball, location: 2F 0-1: Ball 1-1: Foul Ball, location: 2F 1-2: Ball 2-2: Foul Ball, location: 2F 2-2: Strikes out swinging
|
| Bottom of the 3rd over - 1 run, 2 hits, 0 errors, 3 left on base; Burlington 7 - Oakland (APP) 8 |
| TOP OF THE 4TH |
|
Burlington Royals batting - Pitching for Oakland (APP) Athletics : RHP Kian-tat Guao
|
|
Batting: RHB Shura Mogilny
|
0-0: Ball 1-0: Swinging Strike 1-1: Foul Ball, location: 2F 1-2: Strikes out swinging
|
|
Batting: RHB David Rubio
|
0-0: Ball 1-0: Ball 2-0: Swinging Strike 2-1: Swinging Strike 2-2: Foul Ball, location: 2F 2-2: Foul Ball, location: 2F 2-2: Ball 3-2: Strikes out swinging
|
|
Batting: RHB Hugo Chavez
|
0-0: Swinging Strike 0-1: Ball 1-1: Ball 2-1: Swinging Strike 2-2: Strikes out swinging
|
| Top of the 4th over - 0 runs, 0 hits, 0 errors, 0 left on base; Burlington 7 - Oakland (APP) 8 |
| BOTTOM OF THE 4TH |
|
Oakland (APP) Athletics batting - Pitching for Burlington Royals : LHP Brett Reed
|
|
Batting: LHB Alejandro Muniz
|
0-0: Foul Ball, location: 2F 0-1: Ball 1-1: Called Strike 1-2: Strikes out looking
|
|
Batting: LHB Felipe Gomez
|
0-0: Ball 1-0: Foul Ball, location: 2F 1-1: Ball 2-1: Ball 3-1: Foul Ball, location: 2F 3-2: DOUBLE (Flyball, 89XD, EV 100.6 MPH)
|
|
Pitching: RHP Jordan Viveros
|
|
|
Batting: RHB Rafael Alarcon
|
0-0: Swinging Strike Passed Ball! Felipe Gomez to third 0-1: Ball 1-1: Foul Ball, location: 2F 1-2: SINGLE (Groundball, P, EV 86.9 MPH) (infield hit) Felipe Gomez scores
|
|
Batting: RHB Rusty Prodoehl
|
0-0: Ball 1-0: Ball 2-0: Swinging Strike 2-1: Ball 3-1: Foul Ball, location: 2F 3-2: Foul Ball, location: 2F 3-2: SINGLE (Groundball, 4MD, EV 98.8 MPH) Rafael Alarcon to second
|
|
Batting: RHB Ricardo Claros
|
0-0: Foul Ball, location: 2F 0-1: Swinging Strike 0-2: Strikes out swinging
|
|
Batting: RHB Phoctor Dill
|
0-0: Ball 1-0: Called Strike 1-1: Fly out, F5 (Popup, 56, EV 67.5 MPH)
|
| Bottom of the 4th over - 1 run, 3 hits, 0 errors, 2 left on base; Burlington 7 - Oakland (APP) 9 |
| TOP OF THE 5TH |
|
Burlington Royals batting - Pitching for Oakland (APP) Athletics : RHP Kian-tat Guao
|
|
Batting: SHB Alex Cavazos
|
0-0: Foul Ball, location: 2F 0-1: Ball 1-1: Called Strike 1-2: Ball 2-2: Foul Ball, location: 2F 2-2: Ball 3-2: Strikes out looking
|
|
Batting: RHB Tim Williams
|
0-0: Ball 1-0: Called Strike 1-1: Ball 2-1: Foul Ball, location: 2F 2-2: Ball 3-2: Strikes out swinging
|
|
Batting: LHB Jayden Pelayo
|
0-0: Called Strike 0-1: Ball 1-1: Swinging Strike 1-2: Ball 2-2: Ball 3-2: Foul Ball, location: 2F 3-2: SOLO HOME RUN (Flyball, 89XD, EV 101.9 MPH), Distance : 392 ft
|
|
Batting: RHB Masakuni Takeuchi
|
0-0: Ball 1-0: Foul Ball, location: 2F 1-1: Foul Ball, location: 2F 1-2: Ball 2-2: Ball 3-2: Strikes out swinging
|
| Top of the 5th over - 1 run, 1 hit, 0 errors, 0 left on base; Burlington 8 - Oakland (APP) 9 |
| BOTTOM OF THE 5TH |
|
Oakland (APP) Athletics batting - Pitching for Burlington Royals : RHP Jordan Viveros
|
|
Batting: LHB Bill Helmer
|
0-0: Foul Ball, location: 2F 0-1: Foul Ball, location: 2F 0-2: Foul Ball, location: 2F 0-2: Strikes out swinging
|
|
Batting: RHB Scott Lister
|
0-0: Called Strike 0-1: Called Strike 0-2: Ball 1-2: Strikes out swinging
|
|
Batting: RHB Gabe Secundino
|
0-0: Swinging Strike 0-1: Ball 1-1: Foul Ball, location: 2F 1-2: Strikes out swinging
|
| Bottom of the 5th over - 0 runs, 0 hits, 0 errors, 0 left on base; Burlington 8 - Oakland (APP) 9 |
| TOP OF THE 6TH |
|
Burlington Royals batting - Pitching for Oakland (APP) Athletics : RHP Kian-tat Guao
|
|
Pitching: RHP Santiago Gonzalez
|
|
|
Batting: RHB Angel Melendez
|
0-0: Called Strike 0-1: Foul Ball, location: 2F 0-2: Ground out 6-3 (Groundball, 6M, EV 88.8 MPH)
|
|
Batting: RHB Jason Conner
|
0-0: Called Strike 0-1: Called Strike 0-2: Ground out 4-3 (Groundball, 4, EV 88.1 MPH)
|
|
Batting: RHB Shura Mogilny
|
0-0: Ball 1-0: Ball 2-0: Called Strike 2-1: Ball 3-1: Foul Ball, location: 2F 3-2: Base on Balls
|
|
Batting: RHB David Rubio
|
0-0: Fielders Choice at 2nd, 5-4 (Groundball, 56, EV 101.9 MPH)
|
| Top of the 6th over - 0 runs, 0 hits, 0 errors, 1 left on base; Burlington 8 - Oakland (APP) 9 |
| BOTTOM OF THE 6TH |
|
Oakland (APP) Athletics batting - Pitching for Burlington Royals : RHP Jordan Viveros
|
|
Pitching: RHP Oscar Cisneros
|
|
|
Batting: LHB Alejandro Muniz
|
0-0: Called Strike 0-1: Ball 1-1: Ball 2-1: Ball 3-1: Foul Ball, location: 2F 3-2: Foul Ball, location: 2F 3-2: Base on Balls
|
|
Batting: LHB Felipe Gomez
|
0-0: Ball 1-0: SINGLE (Groundball, 25, EV 73.1 MPH) (infield hit) Alejandro Muniz to second
|
|
Batting: RHB Rafael Alarcon
|
0-0: Called Strike 0-1: Ball 1-1: Ball 2-1: Ball 3-1: Base on Balls Alejandro Muniz to third Felipe Gomez to second
|
|
Batting: RHB Rusty Prodoehl
|
0-0: Grounds into fielders choice 6-2 (Groundball, 6, EV 77.5 MPH) Felipe Gomez to third Rafael Alarcon to second
|
|
Batting: RHB Ricardo Claros
|
0-0: Fly out, F7 (Line Drive, 78S, EV 93.8 MPH)
|
|
Batting: RHB Phoctor Dill
|
0-0: SINGLE (Groundball, 56D, EV 105.0 MPH) Felipe Gomez scores Rafael Alarcon to third Rusty Prodoehl to second Runner from 3rd tries for Home, SAFE, throw by LF to home
|
|
Batting: LHB Bill Helmer
|
0-0: Called Strike 0-1: Called Strike 0-2: Foul Ball, location: 2F 0-2: Strikes out swinging
|
| Bottom of the 6th over - 2 runs, 2 hits, 0 errors, 2 left on base; Burlington 8 - Oakland (APP) 11 |
| TOP OF THE 7TH |
|
Burlington Royals batting - Pitching for Oakland (APP) Athletics : RHP Santiago Gonzalez
|
|
Batting: RHB Hugo Chavez
|
0-0: Swinging Strike 0-1: Foul Ball, location: 2F 0-2: Strikes out looking
|
|
Batting: SHB Alex Cavazos
|
0-0: Called Strike 0-1: Called Strike 0-2: Ball 1-2: Foul Ball, location: 2F 1-2: Ball 2-2: Foul Ball, location: 2F 2-2: Ball 3-2: Base on Balls
|
|
Batting: RHB Tim Williams
|
0-0: Called Strike 0-1: Ball 1-1: Ball 2-1: Ball 3-1: Base on Balls Alex Cavazos to second
|
|
Batting: LHB Jayden Pelayo
|
0-0: Called Strike 0-1: Foul Ball, location: 2F 0-2: Strikes out swinging
|
|
Batting: RHB Masakuni Takeuchi
|
0-0: Called Strike 0-1: Ball 1-1: Called Strike 1-2: Fly out, F9 (Line Drive, 9S, EV 90.6 MPH)
|
| Top of the 7th over - 0 runs, 0 hits, 0 errors, 2 left on base; Burlington 8 - Oakland (APP) 11 |
| BOTTOM OF THE 7TH |
|
Oakland (APP) Athletics batting - Pitching for Burlington Royals : RHP Oscar Cisneros
|
|
Batting: RHB Scott Lister
|
0-0: Ball 1-0: Swinging Strike 1-1: Fly out, F7 (Line Drive, 78M, EV 96.2 MPH)
|
|
Batting: RHB Gabe Secundino
|
0-0: Fly out, F8 (Flyball, 8LD, EV 86.2 MPH)
|
|
Batting: LHB Alejandro Muniz
|
0-0: SOLO HOME RUN (Flyball, 9D, EV 99.4 MPH), Distance : 373 ft
|
|
Pitching: RHP Jerry Yusko
|
|
|
Batting: LHB Felipe Gomez
|
0-0: Ball 1-0: Ball 2-0: Swinging Strike 2-1: Ball 3-1: Base on Balls
|
|
Batting: RHB Rafael Alarcon
|
0-0: Called Strike 0-1: Called Strike 0-2: Ball 1-2: Ball 2-2: Foul Ball, location: 2F 2-2: 2-RUN HOME RUN (Flyball, 9LD, EV 96.2 MPH), Distance : 339 ft
|
|
Batting: RHB Rusty Prodoehl
|
0-0: Called Strike 0-1: SINGLE (Groundball, 6MD, EV 108.1 MPH)
|
|
Batting: RHB Ricardo Claros
|
0-0: Called Strike 0-1: Foul Ball, location: 2F 0-2: Ball Pickoff Throw to First - Out! 1-3 CS
|
| Bottom of the 7th over - 3 runs, 3 hits, 0 errors, 0 left on base; Burlington 8 - Oakland (APP) 14 |
| TOP OF THE 8TH |
|
Burlington Royals batting - Pitching for Oakland (APP) Athletics : RHP Santiago Gonzalez
|
|
Batting: RHB Angel Melendez
|
0-0: Called Strike 0-1: Called Strike 0-2: Strikes out swinging
|
|
Batting: RHB Jason Conner
|
0-0: Ground out 6-3 (Groundball, 6, EV 81.9 MPH)
|
|
Batting: RHB Shura Mogilny
|
0-0: Ball 1-0: Foul Ball, location: 2F 1-1: Ground out 5-3 (Groundball, 56S, EV 66.9 MPH)
|
| Top of the 8th over - 0 runs, 0 hits, 0 errors, 0 left on base; Burlington 8 - Oakland (APP) 14 |
| BOTTOM OF THE 8TH |
|
Oakland (APP) Athletics batting - Pitching for Burlington Royals : RHP Jerry Yusko
|
|
Batting: RHB Ricardo Claros
|
0-0: Called Strike 0-1: Ground out 5-3 (Groundball, 56, EV 86.2 MPH)
|
|
Batting: RHB Phoctor Dill
|
0-0: Ball 1-0: Foul Ball, location: 2F 1-1: Ball 2-1: Ball 3-1: Base on Balls
|
|
Batting: LHB Bill Helmer
|
0-0: Ball 1-0: Ball 2-0: Called Strike 2-1: Ball 3-1: Called Strike 3-2: Base on Balls Phoctor Dill to second
|
|
Batting: RHB Scott Lister
|
0-0: Ball 1-0: Called Strike 1-1: Ball 2-1: Ball Wild Pitch! Phoctor Dill to third Bill Helmer to second 3-1: SINGLE (Groundball, 4M, EV 111.2 MPH) (infield hit) Phoctor Dill scores Bill Helmer to third
|
|
Batting: RHB Gabe Secundino
|
0-0: DOUBLE (Flyball, 8RXD, EV 108.8 MPH) Bill Helmer scores Scott Lister to third
|
|
Pitching: RHP Reginald Larnach
|
|
|
Pinch Hitting: LHB Roscoe Romaine
|
0-0: Ball 1-0: Swinging Strike 1-1: Ball 2-1: Ball 3-1: Base on Balls
|
|
Pinch Hitting: RHB Nathaniel Adderley
|
0-0: Swinging Strike 0-1: Ball 1-1: Grounds into double play, 6-4-3 (Groundball, 6, EV 108.1 MPH)
|
| Bottom of the 8th over - 2 runs, 2 hits, 0 errors, 2 left on base; Burlington 8 - Oakland (APP) 16 |
| TOP OF THE 9TH |
|
Burlington Royals batting - Pitching for Oakland (APP) Athletics : RHP Santiago Gonzalez
|
|
Now at 1B: Roscoe Romaine
|
|
|
Now in RF: Nathaniel Adderley
|
|
|
Batting: RHB David Rubio
|
0-0: Ball 1-0: Ball 2-0: Ball 3-0: Base on Balls
|
|
Pitching: RHP Jason Palmer
|
|
|
Pinch Hitting: RHB Robert Carlos
|
0-0: Ball 1-0: Ball 2-0: Ball 3-0: Base on Balls David Rubio to second
|
|
Batting: SHB Alex Cavazos
|
0-0: Foul Ball, location: 2F 0-1: Fielders Choice at 2nd, 3-6 (Groundball, 34, EV 85.6 MPH) David Rubio to third
|
|
Batting: RHB Tim Williams
|
0-0: Foul Ball, location: 2F 0-1: 3-RUN HOME RUN (Flyball, 7LD, EV 98.1 MPH), Distance : 376 ft
|
|
Pitching: LHP Vincent Whittick
|
|
|
Batting: LHB Jayden Pelayo
|
0-0: Ball 1-0: Called Strike 1-1: Ball 2-1: SOLO HOME RUN (Flyball, 9LD, EV 96.2 MPH), Distance : 353 ft
|
|
Batting: RHB Masakuni Takeuchi
|
0-0: Ball 1-0: Called Strike 1-1: Ball 2-1: Ball 3-1: Ground out 4-3 (Groundball, 4S, EV 85.6 MPH)
|
|
Pinch Hitting: RHB Dermott Ayliffe
|
0-0: Called Strike 0-1: Foul Ball, location: 2F 0-2: Foul Ball, location: 2F 0-2: Foul Ball, location: 2F 0-2: Fly out, F9 (Flyball, 9S, EV 95.6 MPH)
|
| Top of the 9th over - 4 runs, 2 hits, 0 errors, 0 left on base; Burlington 12 - Oakland (APP) 16 |
|